 Dungeon Crawl Stone Soup version 0.30-a0-222-ge547ba4400 (webtiles) character file.

Game seed: 9379086365322316172

10677 heikuro the Spear-Bearer (level 11, -1/87 HPs)
             Began as a Formicid Fighter on Oct 8, 2022.
             Was a High Priest of Lugonu.
             Constricted to death by Jorgrun (3 damage)
             ... while petrified by Jorgrun
             ... on level 12 of the Dungeon.
             The game lasted 00:38:09 (12703 turns).

heikuro the Spear-Bearer (Formicid Fighter)        Turns: 12703, Time: 00:38:09

Health: -1/87      AC: 18    Str: 33    XL:     11   Next: 97%
Magic:  17/17      EV: -1    Int:  8    God:    Lugonu [*****.]
Gold:   596        SH:  0    Dex: 13    Spells: 10/10 levels left

rFire   . . .      SeeInvis +    a - +0 halberd
rCold   + . .      Faith    .    y - +0 kite shield
rNeg    + + +      Spirit   .    q - +0 plate armour
rPois   ∞          Reflect  .    (helmet unavailable)
rElec   .          Harm     .    (no cloak)
rCorr   .          Rampage  .    (no gloves)
Will    +....                    (no boots)
Stlth   ..........               O - amulet of Gary Git {RegenMP Str+4}
HPRegen 0.34/turn                k - +4 ring of protection
MPRegen 0.55/turn                B - ring of Qigec {Fly rC+ Str+4}

@: petrified, grasped by roots, flying, constricted
A: permanent stasis, dig shafts and tunnels, antennae 3, four strong arms
a: Dig, Shaft Self, Renounce Religion, Depart the Abyss, Bend Space, Banish,
Corrupt, Enter the Abyss


You were on level 12 of the Dungeon.
You worshipped Lugonu.
Lugonu was extremely pleased with you.
You visited 2 branches of the dungeon, and saw 13 of its levels.

You collected 711 gold pieces.
You spent 115 gold pieces at shops.

Inventory:

Hand Weapons
 a - a +0 halberd (weapon)
 b - a +2 dagger of venom
 I - a +2 battleaxe
Missiles
 c - a throwing net
 i - 6 boomerangs of dispersal
 j - 4 silver javelins
 n - 22 poisoned darts (quivered)
Armour
 q - a +0 plate armour (worn)
 y - a +0 kite shield (worn)
Jewellery
 e - an amulet of reflection
 k - a +4 ring of protection (left hand)
 A - an amulet of regeneration
 B - the ring of Qigec (right hand) {Fly rC+ Str+4}
   (You found it on level 9 of the Dungeon)

   [ring of protection from cold]

   Str:       It affects your strength (+4).
   rC:        It protects you from cold.
   Fly:       It grants you flight.
 F - a ring of protection from cold
 H - a ring of protection from fire
 N - the ring "Jasmip Molo" {rPois Int+2}
   (You bought it in a shop on level 10 of the Dungeon)

   [ring of poison resistance]

   Int:       It affects your intelligence (+2).
   rPois:     It protects you from poison.
 O - the amulet of Gary Git (around neck) {RegenMP Str+4}
   (You found it on level 11 of the Dungeon)

   [amulet of magic regeneration]

   It increases your rate of magic regeneration.
   Str:       It affects your strength (+4).
Wands
 o - a wand of mindburst (26)
 D - a wand of paralysis (11)
 E - a wand of digging (3)
 J - a wand of light (10)
 M - a wand of iceblast (12)
 P - a wand of flame (5)
Scrolls
 f - a scroll of magic mapping {unknown}
 g - a scroll of vulnerability {unknown}
 m - 3 scrolls of fog {unknown}
 s - 3 scrolls of noise {unknown}
 v - 3 scrolls of enchant armour {unknown}
 w - 3 scrolls of identify
 z - a scroll of immolation
 L - a scroll of blinking {unknown}
Potions
 d - 5 potions of might
 h - 4 potions of curing
 l - 2 potions of flight
 p - a potion of mutation
 r - 3 potions of resistance
 t - 3 potions of heal wounds
 u - 2 potions of lignification
 x - a potion of ambrosia
 C - a potion of brilliance
 K - a potion of attraction


   Skills:
 + Level 8.8 Fighting
 * Level 10.8 Polearms
 + Level 8.8 Armour
 + Level 10.5 Shields
 + Level 8.7 Invocations


You had 10 spell levels left.
You didn't know any spells.
Your spell library contained the following spells:

 Spells                   Type           Power      Damage    Failure   Level
 Kiss of Death            Conj/Necr      0%         2d5       99%         1
 Magic Dart               Conj           0%         1d3       99%         1
 Shock                    Conj/Air       0%         1d3       99%         1
 Slow                     Hex            0%         N/A       99%         1
 Sting                    Tmut/Pois      0%         1d3       99%         1
 Call Imp                 Summ           0%         N/A       100%        2
 Poisonous Vapours        Pois/Air       0%         N/A       100%        2
 Call Canine Familiar     Summ           0%         N/A       100%        3
 Confusing Touch          Hex            0%         N/A       100%        3
 Gell's Gravitas          Tloc           0%         N/A       100%        3
 Lesser Beckoning         Tloc           0%         N/A       100%        3
 Mephitic Cloud           Conj/Pois/Air  0%         N/A       100%        3
 Portal Projectile        Hex/Tloc       0%         N/A       100%        3
 Teleport Other           Tloc           0%         N/A       100%        3
 Vampiric Draining        Necr           0%         2d6       100%        3
 Airstrike                Air            0%         2d(0-16)  100%        4
 Dispel Undead            Necr           0%         3d6       100%        4
 Leda's Liquefaction      Hex/Erth       0%         N/A       100%        4
 Olgreb's Toxic Radiance  Pois           0%         N/A       100%        4
 Petrify                  Tmut/Erth      0%         N/A       100%        4
 Metabolic Englaciation   Hex/Ice        0%         N/A       100%        5
 Statue Form              Tmut/Erth      0%         N/A       100%        6
 Swiftness                Air            Unusable   N/A       N/A         3

Dungeon Overview and Level Annotations

Branches:
Dungeon (12/15)            Temple (1/1) D:5            Lair (0/5) D:9
    Orc: D:9-12

Altars:
Ashenzari
Cheibriados
Dithmenos
Elyvilon
Fedhas
Gozag
Hepliaklqana
Kikubaaqudgha
Makhleb
Nemelex Xobeh
Okawaru
Qazlal
Ru
Sif Muna
Trog
Uskayaw
Vehumet
Wu Jian
Xom
Yredelemnul
Zin
The Shining One
Lugonu

Shops:
D:2 !   D:8 (   D:9 *   D:10 *

Annotations:
D:7 2 transporters, BigDaddyOpFi's ghost, novice GrHu
D:12 Jorgrun


Innate Abilities, Weirdness & Mutations

You cannot be hasted, slowed, berserked, paralysed or teleported.
You can dig through walls and to a lower floor.
You have a pair of large antennae on your head. (SInv)
Your four strong arms can wield two-handed weapons with a shield.


Message History

Jorgrun is heavily wounded.
You block Jorgrun's attack.
You miss Jorgrun.
Jorgrun is heavily wounded.
Jorgrun hits you with a +0 vorpal quarterstaff!
You impale Jorgrun!!
Jorgrun is severely wounded.
You block Jorgrun's attack.
You closely miss Jorgrun.
Jorgrun is severely wounded.
Jorgrun hits you with a +0 vorpal quarterstaff!
You miss Jorgrun.
Jorgrun is severely wounded.
Jorgrun casts a spell at you.
You are slowing down.
You puncture Jorgrun!
Jorgrun is severely wounded.
Jorgrun points at you and mumbles some strange words.
Roots burst forth from the earth!
The grasping roots grab you! The grasping roots constrict you!
Jorgrun hits you with a +0 vorpal quarterstaff!
* * * LOW HITPOINT WARNING * * *
The grasping roots constrict you!
* * * LOW HITPOINT WARNING * * *
Your limbs are stiffening.
Unknown command.
You miss Jorgrun.
Jorgrun is severely wounded.
Jorgrun gestures at you while chanting.
You struggle to resist.
The grasping roots constrict you!
* * * LOW HITPOINT WARNING * * *
Jorgrun casts a spell at you. The iron shot hits you!
* * * LOW HITPOINT WARNING * * *
The grasping roots constrict you!
* * * LOW HITPOINT WARNING * * *
You have turned to stone.
Jorgrun hits you but does no damage. The grasping roots constrict you.
You die...

................
.................
....$............
.................
.................
.................
~........<.......
~................
~.....g@.........
~................
~................
..........#######
..........#
.........>#
..........#
..........#


You could see Jorgrun.

Vanquished Creatures
  A two-headed ogre (D:11)
  A cyclops (D:9)
  A manticore (D:10)
  A gargoyle (D:6)
  Psyche (D:9)
  2 trolls
  A hornet (D:9)
  14 yaks
  3 wraiths
  2 wyverns
  2 steam dragons (D:7)
  2 vampire mosquitoes
  Menkaure (D:7)
  2 water moccasins
  3 orc warriors
  3 ice beasts
  3 black bears
  A sky beast (D:6)
  An ogre (D:6)
  4 centaurs
  3 bullfrogs
  2 kobold brigands
  3 gnoll sergeants
  2 necrophages
  6 scorpions
  10 wights
  5 killer bees (D:10)
  4 howler monkeys
  4 jellies
  7 hounds
  10 orc priests
  A gnoll bouda (D:6)
  An iguana (D:5)
  16 orc wizards
  10 gnolls
  14 adders
  A shadow imp (D:7)
  4 white imps
  3 ufetubi
  A worm (D:3)
  A dart slug (D:2)
  39 orcs
  6 bats
  4 endoplasms
  3 giant cockroaches
  5 goblins
  7 hobgoblins
  3 jackals (D:2)
  11 kobolds
  5 quokkas
  8 ball pythons
  2 frilled lizards
  8 rats
258 creatures vanquished.

Notes
Turn   | Place    | Note
-------+----------+-------------------------------------------
     0 | D:1      | heikuro the Formicid Fighter began the quest for the Orb.
     0 | D:1      | Reached XP level 1. HP: 18/18 MP: 1/1
   258 | D:1      | Reached XP level 2. HP: 6/24 MP: 2/2
   663 | D:1      | Reached XP level 3. HP: 24/29 MP: 3/3
  1149 | D:2      | Upgraded the game from 0.30-a0-219-gf2db51d15e to
                  | 0.30-a0-222-ge547ba4400
  1326 | D:2      | Found a faded altar of an unknown god.
  1343 | D:2      | Prayed at the altar of an unknown god.
  1343 | D:2      | Became a worshipper of Lugonu the Unformed
  1343 | D:2      | Reached * piety under Lugonu
  1343 | D:2      | Reached ** piety under Lugonu
  1383 | D:2      | Found Sakuis's Distillery.
  1486 | D:2      | Reached XP level 4. HP: 37/37 MP: 4/4
  2049 | D:3      | Reached skill level 1 in Invocations
  2049 | D:3      | Reached XP level 5. HP: 41/42 MP: 5/5
  2302 | D:3      | Reached skill level 5 in Shields
  2302 | D:3      | Reached XP level 6. HP: 48/48 MP: 7/7
  2505 | D:3      | You fall into a shaft and drop 1 floor!
  2941 | D:3      | Reached *** piety under Lugonu
  3240 | D:3      | You fall into a shaft and drop 2 floors!
  3240 | D:5      | Entered Level 5 of the Dungeon
  3781 | D:3      | Reached XP level 7. HP: 55/55 MP: 8/8
  4213 | D:5      | Reached skill level 5 in Polearms
  4296 | D:5      | Reached skill level 5 in Fighting
  4296 | D:5      | Reached XP level 8. HP: 32/62 MP: 10/10
  4452 | D:5      | Found a staircase to the Ecumenical Temple.
  4467 | Temple   | Entered the Ecumenical Temple
  4883 | D:5      | Reached skill level 5 in Armour
  5837 | D:6      | Reached **** piety under Lugonu
  5838 | D:6      | Reached XP level 9. HP: 28/69 MP: 12/12
  6086 | D:6      | Noticed a gargoyle
  6093 | D:6      | You fall into a shaft and drop 3 floors!
  6208 | D:9      | Found a staircase to the Lair.
  6424 | D:7      | Found a transporter.
  6424 | D:7      | Found a transporter.
  6424 | D:7      | Noticed BigDaddyOpFi's ghost (novice GrHu)
  6434 | D:7      | Found a broken altar of Ashenzari.
  6750 | D:7      | Reached skill level 5 in Invocations
  7408 | D:6      | You fall into a shaft and drop 3 floors!
  7587 | D:9      | Found Vebac's Fire Supplies.
  7592 | D:9      | Identified the ring of Qigec {Fly rC+ Str+4}
  7597 | D:9      | Noticed a hornet
  7606 | D:9      | Killed a hornet
  7607 | D:9      | Reached XP level 10. HP: 68/77 MP: 14/14
  7793 | D:9      | Noticed a cyclops
  7902 | D:8      | Reached ***** piety under Lugonu
  7958 | D:8      | Found an iron altar of Okawaru.
  7958 | D:8      | Found an ancient bone altar of Kikubaaqudgha.
  7958 | D:8      | Found a radiant altar of Vehumet.
  7961 | D:8      | Found a bloodstained altar of Trog.
  8144 | D:7      | Noticed Menkaure
  8159 | D:7      | Killed Menkaure
  8581 | D:6      | Killed a gargoyle
 10148 | D:8      | Reached XP level 11. HP: 85/85 MP: 16/16
 10327 | D:8      | Found Doluv's Weapon Shop.
 10505 | D:9      | Killed a cyclops
 10779 | D:9      | Noticed Psyche
 10784 | D:9      | Killed Psyche
 10785 | D:9      | Reached skill level 10 in Polearms
 10869 | D:10     | Entered Level 10 of the Dungeon
 10953 | D:10     | Reached skill level 10 in Shields
 11093 | D:10     | Found Kist's Assorted Antiques.
 11097 | D:10     | Noticed a manticore
 11107 | D:10     | Killed a manticore
 11223 | D:10     | Bought a crude lead ring for 115 gold pieces
 11223 | D:10     | Identified the ring "Jasmip Molo" {rPois Int+2} (You bought
                  | it in a shop on level 10 of the Dungeon)
 11583 | D:11     | Identified the amulet of Gary Git {RegenMP Str+4}
 11718 | D:11     | Noticed a two-headed ogre
 12607 | D:11     | Killed a two-headed ogre
 12685 | D:12     | Noticed Jorgrun
 12702 | D:12     | HP: 1/87 [constriction (5)]
 12703 | D:12     | Constricted to death by Jorgrun

Illustrated notes

Levels and vault maps discovered:
D:1:      lemuel_arrival_muddy, layout_basic
D:2:      layout_basic, serial_shops, shop_statue,
          ebering_ecumenical_altar_ruins
D:3:      layout_basic, kennysheep_orc_chapel
D:4:      layout_loops_ring
D:5:      minmay_chambers_of_fours, layout_basic, minmay_temple_entry_overgrown,
          minmay_quadrilaterals
D:6:      cheibrodos_fzero, layout_gridville, amcnicky_mini_corridor_feature,
          st_stairs_13, minivault_25, glass_columns_c
D:7:      layout_loops_ring, mainiacjoe_overflow_paths, gammafunk_ghost_arena,
          uniq_menkaure
D:8:      layout_loops_ring, minitemple, serial_shops,
          nicolae_shop_bloodbath_and_beyond
D:9:      layout_roguey, lair_entry_dummy, nicolae_shop_fire_sale
          [nicolae_sub_dead_trees], uniq_psyche
D:10:     layout_cave_pools, serial_shops, shop_statue, minivault_26,
          minmay_misc_feat_rows
D:11:     layout_irregular_city
D:12:     layout_long_grid, erik_orc_4, worms_lemuel, uniq_jorgrun
Temple:   minmay_temple_bridge_d

Skill      XL: |  1  2  3  4  5  6  7  8  9 10 11 |
---------------+----------------------------------+-----
Polearms       | 3 4 5 6 7 9 10 | 10.8
Invocations    | 1 2 3 4 6 7 8 |  8.7
Fighting       | 4 5 6 7 8 |  8.8
Armour         | 4 5 6 7 8 |  8.8
Shields        | 5 6 8 9 10 | 10.5

Action                   |  1- 3 |  4- 6 |  7- 9 | 10-12 || total
-------------------------+-------+-------+-------+-------++-------
Melee: Trident           |   117 |   141 |   148 |       ||   406
       Dagger            |       |    46 |   119 |    19 ||   184
       Halberd           |       |       |   115 |   439 ||   554
Throw: Dart              |       |       |       |     6 ||     6
Invok: Bend Space        |     1 |     3 |       |     5 ||     9
 Abil: Dig               |     1 |     1 |       |     3 ||     5
       Shaft Self        |       |     2 |     2 |       ||     4
  Use: Scroll            |     2 |     1 |     6 |     4 ||    13
       Potion            |       |       |     1 |       ||     1
Armor: Scale mail        |    21 |       |       |       ||    21
       Chain mail        |    17 |    73 |       |       ||    90
       Plate armour      |       |    14 |   251 |   189 ||   454
Dodge: Dodged            |    41 |    56 |    89 |   107 ||   293
Block: Buckler           |    25 |    32 |    55 |       ||   112
       Kite shield       |       |       |    79 |   242 ||   321

Table legend: (Time is in decaauts)
 A = Elapsed time spent in this place.
 B = Non-inter-level travel time spent in this place.
 C = Inter-level travel time spent in this place.
 D = Time resting spent in this place.
 E = Time spent auto-exploring this place.
 F = Levels seen in this place.
 G = Mean time per level.
                   A        B        C        D        E       F      G
               +--------+--------+--------+--------+--------+-----+--------+
         Total |  12844 |  12251 |    593 |   2528 |   4082 |  13 |  988.0 |
       Dungeon |  12611 |  12026 |    585 |   2528 |   3869 |  12 | 1050.9 |
        Temple |    232 |    224 |      8 |      0 |    213 |   1 |  232.0 |
               +--------+--------+--------+--------+--------+-----+--------+

Top non-repeatable levels by time:
     D:6: 1718 daAuts
     D:7: 1667 daAuts
     D:5: 1517 daAuts
     D:1: 1191 daAuts
     D:3: 1157 daAuts
    D:11: 1023 daAuts
     D:8: 1020 daAuts
     D:9: 1004 daAuts
     D:2: 793 daAuts
     D:4: 762 daAuts
    D:10: 736 daAuts
  Temple: 232 daAuts
    D:12: 19 daAuts
